 Dungeon Crawl Stone Soup version 0.17-a0-1133-gfb1399f (webtiles) character file.

389 InterDimensionalOwl the Sneak (level 6, -4/28 HPs)
             Began as a Spriggan Enchanter on May 25, 2015.
             Killed by divine providence
             ... invoked by an orc priest
              (17 damage)
             ... on level 3 of the Dungeon.
             The game lasted 00:19:29 (3049 turns).

InterDimensionalOwl the Sneak (Spriggan Enchanter)  Turns: 3049, Time: 00:19:30

Health: -4/28      AC:  4    Str:  4    XL:     6   Next: 49%
Magic:  11/22      EV: 19    Int: 17    God:
Gold:   216        SH:  0    Dex: 20    Spells: 2 memorised, 11 levels left

rFire  . . .     SeeInvis +     a - +1 dagger
rCold  . . .     Clarity  .     b - +2 robe
rNeg   . . .     SustAt   .     (shield restricted)
rPois  .         Gourm    .     (helmet restricted)
rElec  .         Spirit   .     (no cloak)
rCorr  .         Warding  .     (gloves unavailable)
rMut   .         Stasis   .     (boots unavailable)
MR     +....                    (no amulet)
Stlth  ++++......               g - ring of magical power
                                h - +2 ring of dexterity

@: very quick, somewhat resistant to hostile enchantments, stealthy
A: unfitting armour, see invisible, herbivore 3, speed 3, slow metabolism 2
a: no special abilities


You were on level 3 of the Dungeon.
You were full.

You visited 1 branch of the dungeon, and saw 4 of its levels.

You collected 216 gold pieces.

Inventory:

Hand weapons
 a - a +1 dagger (weapon)
Missiles
 j - 84 stones (quivered)
 n - 4 poisoned needles
Armour
 b - a +2 robe (worn)
Jewellery
 g - a ring of magical power (right hand)
 h - a +2 ring of dexterity (left hand)
 o - an uncursed ring of sustain attributes
 u - an uncursed ring of sustain attributes
Magical devices
 m - a wand of slowing (48)
 q - a wand of slowing (24)
 t - a wand of confusion (32)
Potions
 e - a potion of mutation
 i - a potion of lignification
 k - a potion of magic {unknown}
 l - a potion of heal wounds {unknown}
 p - a potion of curing
 s - a potion of degeneration {unknown}
Books
 c - a book of Maledictions

   Spells                             Type                      Level
   a - Corona                         Hexes                        1
   b - Ensorcelled Hibernation        Hexes/Ice                    2
   c - Confuse                        Hexes                        3
   d - Tukima's Dance                 Hexes                        3
   e - Dazzling Spray                 Conjuration/Hexes            3
 f - a book of Summonings

   Spells                             Type                      Level
   a - Recall                         Summoning/Translocation      3
   b - Aura of Abjuration             Summoning                    5
   c - Shadow Creatures               Summoning                    5
   d - Summon Demon                   Summoning                    5
   e - Summon Forest                  Summoning/Translocation      5
   f - Summon Mana Viper              Hexes/Summoning              5
Comestibles
 d - 2 bread rations
 r - 5 fruits


   Skills:
 - Level 4.1 Short Blades
 - Level 3.0 Dodging
 - Level 7.0 Stealth
 + Level 4.5 Spellcasting
 + Level 5.0 Hexes


You had 11 spell levels left.
You knew the following spells:

 Your Spells              Type           Power        Failure   Level  Hunger
a - Corona                Hex            ###....      1%          1    None
b - Ensorcelled Hibernat  Hex/Ice        ##....       10%         2    ##.....


Dungeon Overview and Level Annotations

Branches:
Dungeon (4/15)             Temple (0/1) D:4

Altars:
Elyvilon
Okawaru
Xom

Annotations:
D:4 OrbSeeker's ghost, average SpAs


Innate Abilities, Weirdness & Mutations

You are tiny and cannot use many weapons and most armour.
You have supernaturally acute eyesight.
You are a herbivore.
You cover ground extremely quickly.
You need consume almost no food.


Message History

Press: ? - help, Shift-Dir - straight line, f - orc priest
Aim: an orc priest, wielding a flail (lightly wounded, chance to defeat MR: 43%)
The orc priest resists with some effort.
The goblin barely misses you.
Casting: Ensorcelled Hibernation
Confirm with . or Enter, or press ? or * to list all spells.
Aiming: Ensorcelled Hibernation
Press: ? - help, Shift-Dir - straight line, f/p - orc priest
Aim: an orc priest, wielding a flail (lightly wounded, chance to defeat MR: 43%)
The orc priest resists with some effort.
The orc priest invokes the aid of Beogh against you.
Something smites you!
Ouch! That really hurt!
The goblin hits you but does no damage.
You hit the orc priest but do no damage.
The orc priest is lightly wounded.
The orc priest invokes the aid of Beogh against you.
Something smites you!
Ouch! That really hurt!
You die...

##............#
##...........)#
.#............#
.#............#
..............#
#.............#
#.............#
##.###############
...............g@#
........####.###o#
........# #.# #.#
........# #.# #.#
........# #.# #.#
........# #.# #.#
###..#### #.# #.#
# ##.# #.#
#.######### # #.##
#.# #..[......#


You could see an orc priest and a goblin.

Vanquished Creatures
  Sigmund (D:2)
  An iguana (D:4)
  Ijyb (D:2)
  Terence (D:2)
  6 gnolls
  3 adders
  An ooze (D:4)
  2 worms
  3 giant geckos (D:3)
  2 orcs (D:3)
  2 giant cockroaches
  7 goblins
  3 hobgoblins
  9 kobolds
  10 bats
  4 giant newts
  A quokka (D:3)
  4 rats
61 creatures vanquished.

Notes
Turn   | Place    | Note
--------------------------------------------------------------
     0 | D:1      | InterDimensionalOwl the Spriggan Enchanter began the quest for the Orb.
     0 | D:1      | Reached XP level 1. HP: 9/9 MP: 5/5
   409 | D:1      | Reached XP level 2. HP: 13/13 MP: 6/6
   413 | D:1      | Learned a level 2 spell: Ensorcelled Hibernation
   889 | D:2      | Noticed Terence
   898 | D:2      | Killed Terence
   898 | D:2      | Reached skill level 5 in Stealth
   898 | D:2      | Reached XP level 3. HP: 16/16 MP: 5/8
   958 | D:2      | Noticed Sigmund
   962 | D:2      | Killed Sigmund
   962 | D:2      | Reached skill level 6 in Stealth
   962 | D:2      | Reached XP level 4. HP: 17/21 MP: 4/10
   962 | D:2      | Reached XP level 5. HP: 19/24 MP: 4/11
  1029 | D:2      | Noticed Ijyb
  1048 | D:2      | Killed Ijyb
  1048 | D:2      | Reached skill level 7 in Stealth
  1468 | D:2      | Found a shimmering altar of Xom.
  1886 | D:3      | Reached XP level 6. HP: 28/28 MP: 10/13
  2248 | D:4      | Found a staircase to the Ecumenical Temple.
  2248 | D:4      | Noticed OrbSeeker's ghost (average SpAs)
  2474 | D:3      | Found a white marble altar of Elyvilon.
  2474 | D:3      | Found an iron altar of Okawaru.
  3019 | D:4      | Reached skill level 5 in Hexes
  3049 | D:3      | Killed from afar by an orc priest

Vault maps used:
D:1:      onia_arrival_mini_maze_b
D:2:      nicolae_overflow_hidden_temple, minmay_hedge_maze,
          kennysheep_nondescript, uniq_iyjb, uniq_terence, uniq_sigmund
D:3:      gammafunk_temple_overflow_wave
D:4:      minmay_temple_entry_mist, first_bread, nicolae_ru_awakened_eye

Action                   |  1- 3 |  4- 6 || total
-------------------------+-------+-------++-------
Melee: Dagger            |    53 |    75 ||   128
Throw: Stone             |       |    20 ||    20
 Cast: Corona            |     4 |     1 ||     5
       Ensorcelled Hiber |     4 |    53 ||    57
  Use: Scroll            |     3 |     4 ||     7
       Potion            |       |     2 ||     2
 Stab: Sleeping          |     8 |    39 ||    47
  Eat: Bread ration      |       |     1 ||     1
